 Dungeon Crawl Stone Soup version 0.21.0-3-g78d12a8bdd (webtiles) character file.

47 NullDivider the Charlatan (level 3, 0/18 HPs)
             Began as a Spriggan Artificer on Jan 12, 2018.
             Succumbed to an adder's poison
             ... on level 2 of the Dungeon.
             The game lasted 00:04:46 (1444 turns).

NullDivider the Charlatan (Spriggan Artificer)      Turns: 1444, Time: 00:04:46

Health: 0/18       AC:  2    Str:  8    XL:     3   Next: 48%
Magic:  7/7        EV: 18    Int: 12    God:
Gold:   27         SH:  0    Dex: 17    Spells: 2/2 levels left

rFire    + . .     SeeInvis +   a - +0 short sword
rCold    + . .     Gourm    .   (shield restricted)
rNeg     . . .     Faith    .   b - +0 robe
rPois    +         Spirit   .   (helmet restricted)
rElec    +         Reflect  .   (no cloak)
rCorr    +         Harm     .   (gloves unavailable)
MR       .....     Rnd*Tele +   (boots unavailable)
Stlth    +++.......             o - amulet of magic regeneration
HPRegen  0.06/turn              m - ring of teleportation (curse)
MPRegen  0.35/turn              (no ring)

@: lethally poisoned (0 -> -3), resistant, very quick
A: very small, unfitting armour, see invisible, herbivore, speed 3, slow
metabolism 2
a: no special abilities


You were on level 2 of the Dungeon.
You were not hungry.

You visited 1 branch of the dungeon, and saw 2 of its levels.

You collected 27 gold pieces.

Inventory:

Hand Weapons
 a - a +0 short sword (weapon)
Armour
 b - a +0 robe (worn)
Jewellery
 m - a cursed ring of teleportation (left hand)
 o - an amulet of magic regeneration (around neck)
Wands
 c - a wand of flame (15)
 d - a wand of enslavement (15)
 e - a wand of random effects (15)
Scrolls
 g - a scroll of amnesia {unknown}
 h - 2 scrolls of identify {unknown}
 k - a scroll of teleportation {unknown}
 l - a scroll of magic mapping {unknown}
Potions
 i - a potion of degeneration {unknown}
 j - a potion of lignification {unknown}
 n - a potion of brilliance {unknown}
 p - a potion of resistance
Comestibles
 f - 3 rations


   Skills:
 * Level 1.7 Fighting
 + Level 1.4 Short Blades
 + Level 3.3 Dodging
 * Level 3.3 Stealth
 + Level 4.3 Evocations


You had 2 spell levels left.
You didn't know any spells.

Dungeon Overview and Level Annotations

Branches:
Dungeon (2/15)

Altars:


Innate Abilities, Weirdness & Mutations

You are very small and have problems with some larger weapons.
You are too small for most types of armour.
You have supernaturally acute eyesight. (SInv)
You are a herbivore.
You cover ground extremely quickly.
You need consume almost no food.


Message History

* * * LOW HITPOINT WARNING * * *
You barely miss the adder.
The adder is severely wounded.
The adder barely misses you.
You hit the adder.
You kill the adder!
* * * LOW HITPOINT WARNING * * *
You feel sick.
You hit the hobgoblin.
The hobgoblin is moderately wounded.
The hobgoblin closely misses you.
You closely miss the hobgoblin.
The hobgoblin is moderately wounded.
The hobgoblin completely misses you.
You completely miss the hobgoblin.
The hobgoblin is moderately wounded.
The hobgoblin misses you.
You barely miss the hobgoblin.
The hobgoblin is moderately wounded.
You die...

###.........#
#.#
.........####
#.#
..........#####
#.#
####..........#
#.####.###.# #.
#.# # #.# # #
#.###.#....
#.@g....#
#####......
...## ..# .# #


You could see a hobgoblin.

Vanquished Creatures
  An adder (D:2)
  A dart slug (D:1)
  A bat (D:1)
  A bat skeleton (D:2)
  A bat zombie (D:2)
  3 giant cockroaches
  2 goblins (D:1)
  3 hobgoblins
  4 jackals (D:1)
  5 kobolds
  3 ball pythons
  3 frilled lizards (D:1)
  7 rats
35 creatures vanquished.

Notes
Turn   | Place    | Note
-------+----------+-------------------------------------------
     0 | D:1      | NullDivider the Spriggan Artificer began the quest for the Orb.
     0 | D:1      | Reached XP level 1. HP: 9/9 MP: 4/4
   184 | D:1      | Reached skill level 1 in Fighting
   375 | D:1      | Reached XP level 2. HP: 14/14 MP: 6/6
  1116 | D:2      | Reached XP level 3. HP: 18/18 MP: 7/7
  1444 | D:2      | Succumbed to an adder's poison

Skill      XL: |  1  2  3 |
---------------+----------+-----
Fighting       | 1 |  1.7
Stealth        | 2 3 |  3.3
Short Blades   | |  1.4
Dodging        | |  3.3
Evocations     | |  4.3

Action                   || total
-------------------------++-------
Melee: Short sword       ||   143
  Use: Potion            ||     1
 Stab: Sleeping          ||     2
Armor: Robe              ||    10
Dodge: Dodged            ||   128
